AoeStats
← Serpent23

Arena

510411358Analyzed
1v1 RM · 10h ago on Sep 30, 2026· 50m 29s· 2 players
Game mode
Random Map
Map size
Tiny (2 player)
Population
200
Speed
Normal
Resources
Standard
Victory
Conquest
Starting age
Dark Age
Ending age
Imperial Age
RankedLock teamsTeams togetherTeam positionsShared explorationLock speedFull tech treeHidden civsTurbo modeCheats
Victory
Defeat
🇵🇰 Burgundians · Pakistan
1306
+17
🇳🇮 Cumans · Nicaragua
1317
-17
Serpent23
3:48 Double-Bit Axe
11:03 Feudal Age
10:11 Loom
10:44 Horse Collar
15:19 Castle Age
14:08 Bow Saw
16:07 Gold Mining
21:03 Scale Barding Armor
26:23 Chain Barding Armor
28:35 Scale Mail Armor
29:21 Forging
29:38 Heavy Plow
29:55 Chain Mail Armor
30:13 Fortified Wall
30:23 Ballistics
34:43 Imperial Age
33:22 Masonry
34:55 Fletching
36:25 Chemistry
36:50 Gold Shaft Mining
37:46 Conscription
36:52 Pikeman
42:34 Bodkin Arrow
42:39 Stone Mining
43:07 Padded Archer Armor
44:47 Plate Barding Armor
44:32 Stone Mining
46:15 Two-Man Saw
45:26 Squires
45:55 Bracer
46:44 Crop Rotation
45:53 Halberdier
47:10 Murder Holes
47:56 Leather Archer Armor
48:17 Iron Casting
48:59 Plate Mail Armor
48:34 Town Watch
49:25 Wheelbarrow
49:31 Wheelbarrow
uloska
9:43 Feudal Age
8:26 Loom
10:46 Double-Bit Axe
15:58 Fletching
16:38 Padded Archer Armor
22:43 Castle Age
23:43 Wheelbarrow
22:51 Horse Collar
23:04 Gold Mining
24:11 Bodkin Arrow
25:46 Scale Barding Armor
27:17 Bloodlines
28:28 Forging
30:24 Hand Cart
31:50 Bow Saw
33:14 Chain Barding Armor
34:18 Capped Ram
36:33 Iron Casting
40:59 Imperial Age
41:37 Light Cavalry
43:32 Hussar
45:36 Plate Barding Armor
46:54 Blast Furnace
49:22 Elite Steppe Lancer
Connection lost

Rejoining the realm…

Still unreachable

The connection could not be restored.

Session expired

The server has moved on; the page needs a fresh start.